[Event "Late-Titled-Tuesday-Blitz-May-28-2024"]
[Site "Chess.com"]
[Date "2024.05.28"]
[Round "2"]
[White "Sondremelaa"]
[Black "kingofthenil"]
[Result "0-1"]
[WhiteElo "2574"]
[BlackElo "2924"]
[TimeControl "180+1"]
[EndTime "14:17:25 PDT"]
[Termination "kingofthenil won by resignation"]

1. d4 d6 2. e4 Nf6 3. Nc3 Nc6 4.
Nf3 e6 5. Be2 Be7 6. O-O O-O 7.
h3 a6 8. Be3 b5 9. a3 Bb7 10. Qd2 Nb8 11. Rad1 Nxe4 12. Nxe4 Bxe4 13. Rfe1 Nd7 14. c4 bxc4 15. Bxc4 Bxf3 16. gxf3 d5 17. Bd3 Bd6 18. b4 Qh4 19. Kg2 h6 20. Rg1 f5 21. f4 Nf6 22. Kh2 Nh5 23. Qe2 Nxf4 24. Bxf4 Qxf4+ 25. Kg2 Qh2+ 26. Kf1 Qxh3+ 27. Ke1 Rae8 28. Kd2 Qh4 29. Kc3 e5 30. Kb3 e4 31. Bxa6 f4 32. Qg4 Qxg4 33. Rxg4 g5 34. Bb7 Kg7 35. Bxd5 e3 36. fxe3 Rxe3+ 37. Kb2 f3 38. Rgg1 f2 39. Rgf1 g4 40. Rd2 g3 41.
Bg2 h5 42. Rh1 Re1 43. Rxh5 f1=Q 44. Bxf1 Rfxf1 45. b5 Rf2 0-1

[Event "Late-Titled-Tuesday-Blitz-May-28-2024"]
[Site "Chess.com"]
[Date "2024.05.28"]
[Round "2"]
[White "SHIVACalypso"]
[Black "BardArtem"]
[Result "1/2-1/2"]
[WhiteElo "2550"]
[BlackElo "2794"]
[TimeControl "180+1"]
[EndTime "14:17:26 PDT"]
[Termination "Game drawn by repetition"]

1. c4 c6 2. g3 d5 3. Bg2 Nf6 4. b3 Bf5 5. Bb2 e6 6. Nf3 h6 7. O-O Be7 8. d4 O-O 9. Nbd2 Ne4 10. Ne5 Nxd2 11. Qxd2 Nd7 12. Nxd7 Qxd7 13. Rad1 a5 14. Bc3 a4 15. Rfe1 axb3 16. axb3 b5 17. e4 Bxe4 18. Bxe4 dxe4 19. Rxe4 bxc4 20. bxc4 Bf6 21. d5 Bxc3 22. Qxc3 exd5 23. cxd5 cxd5 24. Red4 Rfd8 25. Qc5 Re8 26. Qxd5 Qxd5 27. Rxd5 g6 28. Rd7 Re6 29. R7d6 Ree8 30. Rd7 Kg7 31. Rc7 Re6 32. Rcd7 Ra2 33. R7d2 Raa6 34.
h4 Rf6 35. Kg2 Rae6 36. Rc1 Re7 37. Rcc2 Ra6 38. Ra2 Rf6 39. Rab2 Re1 40. Re2 Ra1 41. Ra2 Rc1 42. Rac2 Rc6 43. Rxc6 Rxc6 44. Re3 Kf6 45.
Rf3+ Kg7 46. Re3 Rc8 47. Rf3 Rh8 48. Re3 Rg8 49. Rf3 Rc8 50. Re3 Ra8 51. Rf3 Re8 52.
Rd3 Rf8 53. Rf3 Rg8 54. Re3 Rb8 55. Rf3 Re8 56. Rd3 Re6 57. Rf3 Rd6 58. Re3 Rf6 59. Rd3 Re6 60. Rf3 Re5 61. Rd3 Rf5 62. Re3 Rd5 63. Rf3 Rd1 64. Re3 Ra1 65. Rf3 h5 66. Re3 Ra6 67. Rf3 Re6 68. Rd3 Rf6 69. Re3 Rd6 70.
Rf3 Re6 71. Rd3 Kf8 72. Rc3 Rd6 73. Re3 Rf6 74. Rf3 Re6 75. Rd3 Ke8 76. Rf3 Rd6 77. Re3+ Kd8 78. Rf3 Ke7 79. Re3+ Re6 80. Ra3 Kf6 81.
Rf3+ Kg7 1/2-1/2

[Event "Late-Titled-Tuesday-Blitz-May-28-2024"]
[Site "Chess.com"]
[Date "2024.05.28"]
[Round "2"]
[White "th3d4rkness"]
[Black "Josetricks"]
[Result "0-1"]
[WhiteElo "2152"]
[BlackElo "2464"]
[TimeControl "180+1"]
[EndTime "14:17:26 PDT"]
[Termination "Josetricks won by resignation"]

1. e4 c5 2. Nc3 d6 3. d4 cxd4 4. Qxd4 Nc6 5. Qd2 g6 6. b3 Bh6 7.
f4 Nf6 8. Bb2 e5 9. g3 O-O 10.
O-O-O a5 11. Bb5 Nd4 12. Re1 Be6 13. Kb1 Nxb5 14. Nxb5 d5 15. Bxe5 Nxe4 16. Qd4 f6 17. Bc7 Qd7 18. a4 Rfc8 19. Bb6 Qc6 20. Re2 Ra6 21.
Na7 Qxb6 22. Qxb6 Rxb6 23. Nxc8 Bxc8 24. Kb2 Bg4 25. Rxe4 dxe4 26. h3 Bf3 27. Nxf3 exf3 28. Rf1 f5 29. Rxf3 Bg7+ 30. Kb1 Re6 31. c4 Re2 32. h4 b6 33. Rd3 Kf7 34. Kc1 Rg2 35. Kd1 Bf8 36. Rd7+ Ke6 37. Rd3 Bc5 38. Rd2 Rxg3 39.
Re2+ Re3 40. Rd2 Rxb3 41. Kc2 Ra3 42. Re2+ Kf6 43. Re8 Rxa4 44. Kb3 Ra3+ 45. Kc2 Rh3 46. Rc8 Rxh4 47. Rc6+ Kg7 48. Rc7+ Kh6 0-1

[Event "Late-Titled-Tuesday-Blitz-May-28-2024"]
[Site "Chess.com"]
[Date "2024.05.28"]
[Round "2"]
[White "Dzidzik2203"]
[Black "katharinareinecke"]
[Result "1-0"]
[WhiteElo "2443"]
[BlackElo "1937"]
[TimeControl "180+1"]
[EndTime "14:17:28 PDT"]
[Termination "Dzidzik2203 won on time"]

1. b3 g6 2. Bb2 Nf6 3. Bxf6 exf6 4. c4 Bg7 5. Nc3 O-O 6. g3 b6 7. Bg2 Nc6 8. e3 Bb7 9. Nge2 Na5 10. O-O Bxg2 11.
Kxg2 c5 12. d4 d6 13. Qd3 f5 14. Rad1 Qc7 15. Nd5 Qb7 16. h4 Nc6 17. h5 Nb4 18. Qd2 Nxd5 19. cxd5 Qxd5+ 20. Kh2 Rfe8 21. Nf4 Qf3 22.
hxg6 hxg6 23. dxc5 dxc5 24. Qd5 Qxd5 25. Rxd5 Rad8 26.
Rfd1 Rxd5 27. Rxd5 Re7 28. Rd8+ Kh7 29. Nd5 Rb7 30.
Kg2 g5 31. Kf3 Kg6 32. Ke2 a6 33. Kd3 Be5 34. f4 gxf4 35. gxf4 Bb2 36. Rd6+ f6 37. Nxb6 Bc1 38. Nc4 Re7 39. Rxa6 Kh5 40. Rxf6 Kg4 41. Ne5+ Kg3 42. Rxf5 Bb2 43. Nc4 Bc1 44. Rxc5 Kf3 45.
f5 Bxe3 46. f6 Bxc5 47. fxe7 Bxe7 48. Ne5+ 1-0

[Event "Late-Titled-Tuesday-Blitz-May-28-2024"]
[Site "Chess.com"]
[Date "2024.05.28"]
[Round "2"]
[White "Smiechu"]
[Black "Juliana_Figueira"]
[Result "1-0"]
[WhiteElo "2445"]
[BlackElo "1955"]
[TimeControl "180+1"]
[EndTime "14:17:29 PDT"]
[Termination "Smiechu won on time"]

1. e4 c5 2. Nf3 d6 3. d4 cxd4 4. Nxd4 a6 5. Nc3 Nf6 6. Be3 e5 7. Nb3 Be6 8. Qd2 Be7 9. O-O-O O-O 10. f4 b5 11. f5 b4 12. fxe6 bxc3 13. exf7+ Rxf7 14. Qxc3 Nxe4 15. Qb4 d5 16. Qxe4 dxe4 17. Rxd8+ Bxd8 18.
Bc4 Nd7 19. Nc5 Nxc5 20. Bxc5 Rc8 21. b4 Be7 22. Rf1 Bf6 23. g4 Bg5+ 24. Kb2 Bf4 25. a4 a5 26. c3 axb4 27. cxb4 g6 28. a5 Kg7 29. Bxf7 Kxf7 30. a6 Ke6 31. a7 e3 32.
Ra1 e2 33. Re1 Kd5 34. Rxe2 e4 35. Kb3 e3 36. Bxe3 Re8 37. Bxf4 Ra8 38. Bb8 Kc6 39.
Re7 Kb6 40. Rxh7 Kc6 41. Rg7 Kb6 42. Rxg6+ Kb7 43. b5 Kc8 44. b6 Kb7 45. h4 Kc8 46. Rg7 1-0

[Event "Late-Titled-Tuesday-Blitz-May-28-2024"]
[Site "Chess.com"]
[Date "2024.05.28"]
[Round "2"]
[White "guillembaches"]
[Black "GoValya"]
[Result "1/2-1/2"]
[WhiteElo "2486"]
[BlackElo "2222"]
[TimeControl "180+1"]
[EndTime "14:17:30 PDT"]
[Termination "Game drawn by agreement"]

1. d4 Nf6 2. Nf3 g6 3. Bg5 Ne4 4.
Bh4 d5 5. Nbd2 Bg7 6. e3 c5 7. c3 cxd4 8. exd4 Nxd2 9. Qxd2 O-O 10.
Be2 Nc6 11. O-O Qb6 12. Rfe1 Bf5 13. h3 Rfe8 14. Bf1 Be4 15. Ng5 e5 16. Nxe4 dxe4 17.
d5 Ne7 18. Bxe7 Rxe7 19. Rxe4 f5 20. Ree1 Qd6 21. Rad1 e4 22. c4 Rae8 23. b4 b6 24. Rc1 e3 25. fxe3 Bh6 26. Kh1 Rxe3 27. Rxe3 Bxe3 28. Qe2 Qxb4 29. Rd1 Qd6 30. Qf3 Bc5 31. Rd2 Re3 32. Qd1 1/2-1/2

[Event "Late-Titled-Tuesday-Blitz-May-28-2024"]
[Site "Chess.com"]
[Date "2024.05.28"]
[Round "2"]
[White "moro182"]
[Black "Ramosha"]
[Result "1-0"]
[WhiteElo "2886"]
[BlackElo "2561"]
[TimeControl "180+1"]
[EndTime "14:17:31 PDT"]
[Termination "moro182 won by resignation"]

1. d4 Nf6 2. Bf4 e6 3. e3 c5 4. Nf3 Nc6 5. c3 Qb6 6. Qb3 Be7 7. Nbd2 d5 8. Qxb6 axb6 9. Bb5 Bd7 10. O-O O-O 11.
a3 c4 12. a4 Ra5 13. Bc7 Bd8 14. Bd6 Re8 15. b4 Ra8 16. Ne5 Be7 17. Bc7 Bd8 18. Bd6 Be7 19. Bxe7 Rxe7 20. Nxd7 Nxd7 21. e4 Ree8 22. Rfe1 Kf8 23. a5 bxa5 24. bxa5 Ra7 25.
a6 Rea8 26. exd5 exd5 27. axb7 Rxa1 28. bxa8=Q+ Rxa8 29. Bxc6 Ra7 30. Bxd5 Ra3 31. Nxc4 Rxc3 32. Nd6 g6 33. Nxf7 Nb6 34. Be6 Rd3 35. d5 Nc4 36. h3 Kg7 37. Ne5 Nxe5 38. Rxe5 Kf6 39. Re3 Rd1+ 40. Kh2 h5 41. Rf3+ Kg5 42. g3 h4 43. Kg2 hxg3 44. Rxg3+ Kh4 45. Rg4+ Kh5 46. Bf7 Rd2 47. Bxg6+ Kh6 48. Be4 Kh5 49. Bf3 Kh6 50. Ra4 Kg5 51. Ra1 Kh4 52. Rd1 Rxd5 53. Bxd5 1-0

[Event "Late-Titled-Tuesday-Blitz-May-28-2024"]
[Site "Chess.com"]
[Date "2024.05.28"]
[Round "2"]
[White "terrortoast"]
[Black "wild3000"]
[Result "1-0"]
[WhiteElo "2627"]
[BlackElo "2389"]
[TimeControl "180+1"]
[EndTime "14:17:32 PDT"]
[Termination "terrortoast won on time"]

1. d4 d5 2. Nc3 e6 3. Bf4 Bb4 4. Qd3 a6 5. g4 Nf6 6. Bg2 c5 7. dxc5 Bxc5 8. Qg3 Nc6 9. O-O-O O-O 10. Nf3 Re8 11. Ne5 Nxe5 12. Bxe5 Nd7 13. Bc7 Qf6 14. e3 b5 15. g5 Qg6 16. h4 h5 17.
Ne2 Bb7 18. Nf4 Qf5 19. e4 dxe4 20. Bh3 Qh7 21. g6 fxg6 22. Rxd7 Bc6 23. Rdd1 Rac8 24. Be5 Bd5 25. Nxd5 exd5 26. Bxc8 Rxc8 27. Rxd5 Kh8 28. Rhd1 Qg8 29. Qxg6 Qh7 30. Rd8+ 1-0

[Event "Late-Titled-Tuesday-Blitz-May-28-2024"]
[Site "Chess.com"]
[Date "2024.05.28"]
[Round "2"]
[White "dozer80"]
[Black "sleeping_in_the_fire"]
[Result "0-1"]
[WhiteElo "2691"]
[BlackElo "2425"]
[TimeControl "180+1"]
[EndTime "14:17:34 PDT"]
[Termination "sleeping_in_the_fire won by resignation"]

1. Nf3 Nf6 2. c4 g6 3. b3 Bg7 4.
Bb2 d6 5. g3 e5 6. Bg2 O-O 7. O-O Nc6 8. d3 a5 9. a3 Re8 10. Nc3 Nd4 11. Nd2 c6 12. e3 Ne6 13.
b4 h5 14. b5 Bd7 15. bxc6 bxc6 16. Nde4 Nxe4 17. Nxe4 d5 18. cxd5 cxd5 19. Nd6 Rf8 20. a4 Bc6 21. Ba3 Qd7 22. Nb5 Rfc8 23. Rb1 Rab8 24.
Nd6 Rxb1 25. Qxb1 Rd8 26. Nb5 Rb8 27. Qa2 Bxb5 28. Rb1 Rb7 29. axb5 Rxb5 30. Rxb5 Qxb5 31. Bxd5 Qxd3 32. Bxe6 fxe6 33. Qxe6+ Kh7 34. Bd6 a4 35. Bxe5 Qb1+ 36. Kg2 Qe4+ 37. Kg1 Qxe5 38. Qa6 Qa1+ 39. Kg2 a3 0-1

[Event "Late-Titled-Tuesday-Blitz-May-28-2024"]
[Site "Chess.com"]
[Date "2024.05.28"]
[Round "2"]
[White "FlemingA"]
[Black "MrEscacs"]
[Result "1-0"]
[WhiteElo "2479"]
[BlackElo "2175"]
[TimeControl "180+1"]
[EndTime "14:17:34 PDT"]
[Termination "FlemingA won by resignation"]

1. f4 Nf6 2. Nf3 g6 3. g3 Bg7 4. Bg2 d6 5. O-O O-O 6. d3 c5 7. e4 Nc6 8. Nc3 Bg4 9. h3 Bxf3 10. Qxf3 a6 11. Be3 Qd7 12. Rad1 Rfc8 13. Ne2 Rab8 14. c3 b5 15. d4 cxd4 16. Nxd4 Nxd4 17. Bxd4 Qc7 18. e5 Ne8 19. Kh2 b4 20. Rc1 Qa5 21. f5 dxe5 22. fxg6 fxg6 23. Qf7+ Kh8 24. Qxe7 Nc7 25.
Rf7 Nd5 26. Bxd5 exd4 27. Rxg7 1-0

[Event "Late-Titled-Tuesday-Blitz-May-28-2024"]
[Site "Chess.com"]
[Date "2024.05.28"]
[Round "2"]
[White "Yaacovn"]
[Black "TokChess"]
[Result "1-0"]
[WhiteElo "2866"]
[BlackElo "2526"]
[TimeControl "180+1"]
[EndTime "14:17:35 PDT"]
[Termination "Yaacovn won by resignation"]

1. d4 d5 2. e3 c5 3. c3 cxd4 4.
exd4 Nc6 5. Bd3 Nf6 6. Bf4 Bg4 7. Qb3 Qc8 8. Nd2 e6 9. Ngf3 Be7 10. Ne5 Bh5 11. O-O O-O 12. Rfe1 Bg6 13. Nxg6 hxg6 14. Nf3 Na5 15. Qd1 Nc4 16. Qe2 Bd6 17. Bg5 Qc7 18.
h4 Nh7 19. g3 Rfe8 20. Kg2 a6 21. Rh1 e5 22. dxe5 Nxe5 23. Nxe5 Rxe5 24. Qd2 Nxg5 25. hxg5 Qe7 26. f4 Re3 27. Rh4 Re8 28. Rah1 f5 29.
gxf6 Qxf6 30. Rh8+ Kf7 31. Rxe8 Rxe8 32. Be2 d4 33. Bc4+ Ke7 34. Re1+ Kd7 35. Rxe8 Kxe8 36. cxd4 Qf5 37. Qe3+ Kd7 38. Bd3 Qd5+ 39. Qe4 Qxa2 40. Qxb7+ Bc7 41. Bxg6 Qe6 42. Qe4 Qxe4+ 43. Bxe4 Kd6 44.
Kf3 Bd8 45. g4 g5 46. f5 Bf6 47. Ke3 a5 48. b3 Kc7 49. Kd3 Kb6 50. Kc4 Bg7 51. Kd5 Bf6 52. Ke6 Bxd4 53. f6 Bxf6 1-0

[Event "Late-Titled-Tuesday-Blitz-May-28-2024"]
[Site "Chess.com"]
[Date "2024.05.28"]
[Round "2"]
[White "ATM622"]
[Black "bancsoo"]
[Result "1/2-1/2"]
[WhiteElo "2582"]
[BlackElo "2923"]
[TimeControl "180+1"]
[EndTime "14:17:37 PDT"]
[Termination "Game drawn by repetition"]

1. d4 Nf6 2. c4 e6 3. g3 Bb4+ 4.
Nd2 c5 5. dxc5 Bxc5 6. Bg2 O-O 7.
h3 a6 8. Ngf3 Qc7 9. a3 b6 10.
b4 Be7 11. O-O Bb7 12. Qc2 d6 13. Bb2 Nbd7 14. Rac1 Rac8 15. Rfd1 Rfe8 16. Nd4 Bxg2 17. Kxg2 Qb7+ 18. Kg1 Rc7 19. Qd3 Ne5 20. Qb3 Rec8 21. f4 Ng6 22. f5 Nf8 23. fxe6 fxe6 24. N2f3 Ne4 25. Kh2 Bf6 26. b5 Nc5 27. Qe3 Qe4 28. Qxe4 Nxe4 29. bxa6 Ra7 30. Nb5 Rxa6 31. Bxf6 gxf6 32.
Nxd6 Nxd6 33. Rxd6 Rxa3 34. Rxb6 Ra2 35. Ng1 Rc5 36.
Kg2 Kf7 37. Kf2 Ra4 38. Rb7+ Kg6 39. Nf3 Raxc4 40. Rxc4 Rxc4 41. Nh4+ Kh6 42. Rf7 Ng6 43. Rxf6 Kg5 44. Rxe6 Nxh4 45. gxh4+ Rxh4 46. Kg3 Ra4 47. Re7 h5 48. Re5+ Kg6 49. Rb5 Ra3+ 50. Kg2 h4 51. Re5 Rg3+ 52. Kh2 Ra3 53. Re8 Kg5 54. Rg8+ Kh5 55. Rg2 Re3 56. Rf2 Kg5 57. Rg2+ Kh5 58. Rf2 Kg5 59. Kg2 Rg3+ 60. Kh2 Re3 1/2-1/2

[Event "Late-Titled-Tuesday-Blitz-May-28-2024"]
[Site "Chess.com"]
[Date "2024.05.28"]
[Round "2"]
[White "King_Deded4d5"]
[Black "Synctel"]
[Result "1-0"]
[WhiteElo "2455"]
[BlackElo "2063"]
[TimeControl "180+1"]
[EndTime "14:17:37 PDT"]
[Termination "King_Deded4d5 won on time"]

1. d4 Nf6 2. Nf3 d5 3. Bf4 e6 4. Nbd2 Bd6 5. e3 O-O 6. Bd3 b6 7. Ne5 Bb7 8. Qf3 c5 9. h4 c4 10. Bxc4 Ne4 11. Bd3 f6 12. Ng4 Bxf4 13. exf4 Nxd2 14.
Kxd2 Nd7 15. Rae1 e5 16. dxe5 fxe5 17. Nxe5 Nxe5 18. Rxe5 Qd6 19. Rhe1 Qb4+ 20. Kc1 Qxf4+ 21. Qxf4 Rxf4 22. Re7 Rf7 23. Bxh7+ Kf8 24. Rxf7+ Kxf7 25. h5 Kf6 26. c3 d4 27. g4 dxc3 28. f4 cxb2+ 29. Kxb2 Rd8 30. g5+ Kf7 31. Bg6+ Kf8 32. f5 Bc6 33. h6 gxh6 34. gxh6 Kg8 35. Re6 Bd5 36. Re7 1-0

[Event "Late-Titled-Tuesday-Blitz-May-28-2024"]
[Site "Chess.com"]
[Date "2024.05.28"]
[Round "2"]
[White "Supelyel"]
[Black "crazycheesecake"]
[Result "1-0"]
[WhiteElo "2464"]
[BlackElo "2145"]
[TimeControl "180+1"]
[EndTime "14:17:40 PDT"]
[Termination "Supelyel won by checkmate"]

1. c4 c5 2. g3 Nf6 3. Bg2 g6 4. Nf3 Bg7 5. O-O O-O 6. Nc3 Nc6 7. d3 d6 8. Bg5 h6 9. Bxf6 Bxf6 10.
Qd2 Bg7 11. Rab1 Bf5 12. a3 Qd7 13. b4 Rac8 14. b5 Nd4 15. Nxd4 Bxd4 16. Nd5 Bg7 17. b6 a6 18. Nc7 Rb8 19. Rfc1 Rfc8 20. Qc2 h5 21. a4 Bh6 22. Rd1 Bg7 23. a5 Kh7 24.
Qb3 Kg8 25. e3 Kf8 26. d4 cxd4 27. exd4 Bxb1 28. Qxb1 Kg8 29. Qb3 Qf5 30. Nd5 Qd7 31. h4 Qe6 32. Kh2 Qd7 33. Nc7 Qd8 34. c5 e6 35. d5 dxc5 36. dxe6 Qe7 37. exf7+ Qxf7 38. Bd5 Rxc7 39. bxc7 Kh7 40. Bxf7 Kh8 41. cxb8=Q+ Kh7 42.
Qg8+ Kh6 43. Qe3+ g5 44. Qxg5# 1-0

[Event "Late-Titled-Tuesday-Blitz-May-28-2024"]
[Site "Chess.com"]
[Date "2024.05.28"]
[Round "2"]
[White "SharathRk6"]
[Black "nitpicker"]
[Result "1-0"]
[WhiteElo "2539"]
[BlackElo "2335"]
[TimeControl "180+1"]
[EndTime "14:17:41 PDT"]
[Termination "SharathRk6 won on time"]

1. e4 c5 2. Nf3 Nc6 3. Bb5 Nf6 4. d3 g6 5. Nc3 Bg7 6. O-O O-O 7. Bxc6 dxc6 8.
Ne2 Nd7 9. Nd2 e5 10. a4 b6 11. Nc4 Qc7 12. f4 exf4 13. Bxf4 Ne5 14. Nc3 Qe7 15.
Nxe5 Bxe5 16. Qf3 Bd4+ 17. Be3 Bg7 18. a5 b5 19. Qf2 Bd4 20. Bxd4 cxd4 21. Qxd4 Be6 22.
Rae1 Rfd8 23. Qe5 Qd6 24. Qxd6 Rxd6 25. e5 Rd4 26. Ne4 Ra4 27. Ra1 Rxa1 28. Rxa1 Rd8 29. a6 Kg7 30. Nd6 f6 31. d4 fxe5 32. dxe5 Rd7 33. Rf1 Re7 34. Re1 Bd5 35. g3 Bf3 36.
Kf2 Bd5 37. b3 Kf8 38. Re3 Re6 39. Ke2 Ke7 40. Kd3 Kd7 41. Kd4 Kc7 42. Kc5 Bg2 43. Re2 Bf3 44. Re3 Rxe5+ 45. Rxe5 1-0

[Event "Late-Titled-Tuesday-Blitz-May-28-2024"]
[Site "Chess.com"]
[Date "2024.05.28"]
[Round "2"]
[White "SoCalJuniorChess"]
[Black "SaiHanThiha"]
[Result "0-1"]
[WhiteElo "2235"]
[BlackElo "2506"]
[TimeControl "180+1"]
[EndTime "14:17:41 PDT"]
[Termination "SaiHanThiha won by checkmate"]

1. d4 Nf6 2. Nc3 d5 3. Bf4 a6 4. Nf3 c5 5. dxc5 e6 6. b4 b6 7. cxb6 Bxb4 8. Be5 Nc6 9. Rb1 Ba5 10. Rb3 Nxe5 11. Nxe5 Ne4 12. Qd3 Nxc3 13. Rxc3 d4 14. Qf3 O-O 15. Qxa8 Qxb6 16. e3 Bxc3+ 17. Ke2 a5 18. Qf3 Qb1 19. Qe4 f5 20. Qf4 Bb7 21. Nd3 Qxc2# 0-1

[Event "Late-Titled-Tuesday-Blitz-May-28-2024"]
[Site "Chess.com"]
[Date "2024.05.28"]
[Round "2"]
[White "platy3"]
[Black "korkmaz16"]
[Result "1-0"]
[WhiteElo "2880"]
[BlackElo "2559"]
[TimeControl "180+1"]
[EndTime "14:17:42 PDT"]
[Termination "platy3 won by resignation"]

1. e4 e6 2. d3 d5 3. Qe2 Nf6 4. g3 c5 5. Bg2 Nc6 6. c3 Be7 7.
f4 O-O 8. Nf3 b6 9. O-O Ba6 10.
e5 Nd7 11. a4 Re8 12. Na3 Na5 13. Be3 Nb8 14. h4 Qd7 15. Nb5 Nb3 16. Rad1 Nc6 17. h5 f6 18. d4 Nba5 19. g4 Nc4 20. Bf2 N6a5 21. Rfe1 Bxb5 22. axb5 Qxb5 23. exf6 Bxf6 24. g5 Bd8 25. Bh3 Kh8 26. Bxe6 Qxb2 27. Qxb2 Nxb2 28. Bxd5 Bc7 29. Bxa8 Rxa8 30. Rd2 Nac4 31. Rde2 Kg8 32. g6 hxg6 33. hxg6 Kf8 34. Re7 Bxf4 35. Rf7+ Kg8 36. Rxf4 Nd3 37. Rf7 Nxe1 38. Bxe1 a5 39. Nh4 Re8 40.
Bg3 Rf8 41. Ra7 cxd4 42. cxd4 Ne3 43. Be5 Nf5 44. Nxf5 Rxf5 45. Ra8+ Rf8 46. Rxf8+ Kxf8 47. d5 Ke8 48. Kf2 Kf8 49. Ke3 b5 50. Kd4 a4 51.
Kc5 Kg8 52. Kxb5 a3 53. Kb4 a2 54. Kb3 a1=Q 55. Bxa1 1-0

[Event "Late-Titled-Tuesday-Blitz-May-28-2024"]
[Site "Chess.com"]
[Date "2024.05.28"]
[Round "2"]
[White "Kostukov_Alex"]
[Black "RuperezA"]
[Result "0-1"]
[WhiteElo "2377"]
[BlackElo "2701"]
[TimeControl "180+1"]
[EndTime "14:17:42 PDT"]
[Termination "RuperezA won on time"]

1. g3 e5 2. Bg2 d5 3. c4 d4 4. d3 h5 5. Nf3 Nc6 6. O-O Bg4 7. b4 Bxb4 8. Nxe5 Nxe5 9. Qa4+ Nc6 10.
Bxc6+ bxc6 11. Qxb4 h4 12. f3 Bh3 13. Re1 hxg3 14.
hxg3 Nf6 15. Kf2 Rb8 16. Qc5 Rh5 17. Qxa7 Be6 18. Rg1 Ra8 19. Qb7 Bd7 20. Bf4 Rc8 21. Qb4 c5 22. Qe1 Qe7 23. g4 Rh8 24. Nd2 Bc6 25. Rh1 Nxg4+ 26. fxg4 Rxh1 0-1

[Event "Late-Titled-Tuesday-Blitz-May-28-2024"]
[Site "Chess.com"]
[Date "2024.05.28"]
[Round "2"]
[White "AldokhinIvan"]
[Black "Konavets"]
[Result "0-1"]
[WhiteElo "2628"]
[BlackElo "3084"]
[TimeControl "180+1"]
[EndTime "14:17:45 PDT"]
[Termination "Konavets won on time"]

1. e4 e5 2. Nf3 Nc6 3. Bb5 a6 4.
Ba4 Nge7 5. Nc3 Ng6 6. d4 exd4 7.
Nxd4 Bb4 8. O-O Bxc3 9. bxc3 O-O 10.
f4 f6 11. Bb3+ Kh8 12. Qh5 Qe8 13. Rf3 h6 14. Nf5 Nge5 15. Rh3 Qxh5 16. Rxh5 Ng6 17. Nxh6 gxh6 18. f5 Nge5 19. Bxh6 Rf7 20. Bxf7 Nxf7 21. Bf4+ Kg7 22. Bxc7 d6 23. Rd1 Nce5 24. Bxd6 Nxd6 25. Rxd6 Bd7 26. Rh3 Rc8 27. Rg3+ Kf7 28. Rh3 Ke7 29. Rd4 Be8 30. a4 a5 31. Re3 Rc4 32. g4 Bxa4 33. h3 Bxc2 34. Kf2 a4 35. Rxc4 Nxc4 36. Re1 a3 37. Ra1 Bxe4 38. Kg3 Bc2 39. Kf4 Bb3 40.
h4 a2 41. g5 fxg5+ 42. hxg5 Na3 43. g6 Nc2 44. Kg5 Nxa1 45. f6+ Kf8 0-1

[Event "Late-Titled-Tuesday-Blitz-May-28-2024"]
[Site "Chess.com"]
[Date "2024.05.28"]
[Round "2"]
[White "StoreySniper"]
[Black "yujiarun18"]
[Result "1-0"]
[WhiteElo "2518"]
[BlackElo "2264"]
[TimeControl "180+1"]
[EndTime "14:17:45 PDT"]
[Termination "StoreySniper won by resignation"]

1. c4 e6 2. g3 d5 3. Bg2 Nf6 4. Nf3 Be7 5. d4 O-O 6. Nc3 c6 7. O-O b6 8. Nd2 Bb7 9. e4 Na6 10. cxd5 exd5 11. e5 Ne8 12. f4 c5 13. f5 cxd4 14.
Ne2 Bc5 15. Kh1 Nb4 16. Nf3 d3 17. Nf4 Ba6 18. f6 Nc2 19. Rb1 Ne3 20. Bxe3 Bxe3 21. Nxd3 gxf6 22. Re1 Bh6 23. Nf4 fxe5 24. Nxe5 Bxf4 25.
gxf4 Nf6 26. Qd4 Rc8 27. Rg1 Kh8 28. Nd7 Rc6 29. Nxf8 Qxf8 30. Bf3 Qh6 31. Rg5 Rc4 32. Qe5 Bb7 33. Rbg1 Rc8 34. Rf5 Rc2 35. Qxf6+ Qxf6 36. Rxf6 Rxb2 37. Rxf7 1-0

[Event "Late-Titled-Tuesday-Blitz-May-28-2024"]
[Site "Chess.com"]
[Date "2024.05.28"]
[Round "2"]
[White "Hirna2005"]
[Black "Tibmat"]
[Result "0-1"]
[WhiteElo "2365"]
[BlackElo "2685"]
[TimeControl "180+1"]
[EndTime "14:17:48 PDT"]
[Termination "Tibmat won on time"]

1. e4 d6 2. d4 Nf6 3. Nc3 e5 4. Nf3 Nbd7 5. Bc4 Be7 6. h3 O-O 7. O-O c6 8. a4 h6 9. Be3 Re8 10.
Re1 Bf8 11. dxe5 dxe5 12. Qe2 Qc7 13. Rad1 Bb4 14. Bb3 Nc5 15. Qc4 Bxc3 16. bxc3 Nxb3 17. cxb3 Be6 18. Qb4 a5 19. Qd6 Qxd6 20. Rxd6 Nxe4 21. Rd3 Bxb3 22. Rd7 b5 23. Bc1 Nxc3 24. Bb2 Nxa4 25. Bxe5 f6 26. Ba1 Rxe1+ 27. Nxe1 Nc5 28. Rc7 Bd5 29.
Nc2 b4 30. Ne3 Ne6 31. Rd7 a4 32. Nf5 b3 0-1

[Event "Late-Titled-Tuesday-Blitz-May-28-2024"]
[Site "Chess.com"]
[Date "2024.05.28"]
[Round "2"]
[White "The_Sherman_Variation"]
[Black "rasmussvane"]
[Result "1-0"]
[WhiteElo "2593"]
[BlackElo "2939"]
[TimeControl "180+1"]
[EndTime "14:17:49 PDT"]
[Termination "The_Sherman_Variation won on time"]

1. e4 c6 2. d4 d5 3. Nd2 dxe4 4. Nxe4 Nf6 5. Nxf6+ exf6 6. c3 Bd6 7. Bd3 O-O 8. Ne2 Re8 9. Qc2 h5 10. O-O h4 11.
Nf4 Nd7 12. Qd1 Nf8 13. Qh5 Bxf4 14. Bxf4 h3 15. g3 Be6 16. Rfe1 Qd7 17. f3 Ng6 18. Bd2 b6 19. g4 c5 20. Qxh3 cxd4 21. c4 Qc7 22. b3 Rad8 23. Re2 Nf4 24. Qh7+ Kf8 25. Bb4+ Rd6 26. Ree1 a5 27. Bxd6+ Qxd6 28. Be4 g6 29. Rad1 Ke7 30. Qh4 d3 31. Qg3 Rd8 32. Rd2 Kf8 33.
Kh1 f5 34. gxf5 gxf5 35. Bd5 Nxd5 36. Qxd6+ Rxd6 37. Rxd3 f4 38. cxd5 Bxd5 39. Re5 Bxf3+ 40. Rxf3 Rd2 41. Rxf4 1-0

[Event "Late-Titled-Tuesday-Blitz-May-28-2024"]
[Site "Chess.com"]
[Date "2024.05.28"]
[Round "2"]
[White "Squirlolz"]
[Black "CarlosjPineror"]
[Result "0-1"]
[WhiteElo "2535"]
[BlackElo "2777"]
[TimeControl "180+1"]
[EndTime "14:17:51 PDT"]
[Termination "CarlosjPineror won by resignation"]

1. e4 c5 2. Be2 e6 3. f4 Nc6 4.
Nf3 d5 5. d3 Nf6 6. e5 Ng8 7. c3 h5 8. d4 Nh6 9. Be3 Nf5 10. Bf2 b6 11. O-O Be7 12. Na3 a6 13. Nc2 Bb7 14. Rb1 Rc8 15. g3 g6 16. h3 cxd4 17. cxd4 Na5 18. b3 Nc6 19. Qe1 Nxe5 20. dxe5 Rxc2 21. g4 hxg4 22. hxg4 Nh4 23. Nd4 Rxa2 24.
Ra1 Rxa1 25. Qxa1 b5 26. Rc1 Kf8 27. Bg3 Kg7 28. f5 gxf5 29. gxf5 Nxf5 30. Nxf5+ exf5 31. Rc7 Qxc7 32. e6+ Bf6 33. Qxf6+ Kxf6 34. Bxc7 fxe6 35. Kf2 Rh3 36. b4 e5 37. Bd6 Rb3 38. Bf1 d4 39. Bc5 Bd5 40. Bg2 Rb2+ 0-1

[Event "Late-Titled-Tuesday-Blitz-May-28-2024"]
[Site "Chess.com"]
[Date "2024.05.28"]
[Round "2"]
[White "KNVB"]
[Black "Qvalda"]
[Result "1-0"]
[WhiteElo "2772"]
[BlackElo "2412"]
[TimeControl "180+1"]
[EndTime "14:17:51 PDT"]
[Termination "KNVB won on time"]

1. e4 d5 2. a3 dxe4 3. Nc3 Nf6 4. Qe2 g6 5. Nxe4 Bg7 6. Nxf6+ Bxf6 7. Nf3 O-O 8. d3 b6 9. g3 Bb7 10. Bg2 Nc6 11.
O-O e5 12. Bh6 Re8 13. c3 a5 14. Rad1 a4 15. Rfe1 Qd6 16. Nd2 Bg7 17. Nc4 Qf8 18. Bxg7 Kxg7 19. Be4 f6 20. Qf3 Qc5 21. Ne3 Rab8 22.
d4 exd4 23. cxd4 Nxd4 24. Rxd4 Qxd4 25. Bxb7 Qxb2 26. Bc6 Re7 27. Rd1 Qe5 28. Bxa4 b5 29.
Bb3 f5 30. Rd5 1-0

[Event "Late-Titled-Tuesday-Blitz-May-28-2024"]
[Site "Chess.com"]
[Date "2024.05.28"]
[Round "2"]
[White "Pig-filth"]
[Black "ansko1999"]
[Result "0-1"]
[WhiteElo "2372"]
[BlackElo "2580"]
[TimeControl "180+1"]
[EndTime "14:17:53 PDT"]
[Termination "ansko1999 won by resignation"]

1. d4 d5 2. Bg5 Nf6 3. Bxf6 gxf6 4. e3 c5 5. Nc3 cxd4 6. exd4 Bf5 7. Qh5 e6 8. O-O-O Nc6 9. Bd3 Nxd4 10. Bxf5 Nxf5 11. Nf3 Nd6 12. Rhe1 Be7 13. Qh6 Qd7 14. Nd4 O-O-O 15. Qh3 f5 16. f3 Bf6 17. Rd3 Rhg8 18. g4 fxg4 19. fxg4 e5 20. Nxd5 Bg5+ 21. Kb1 exd4 22. Rxd4 Rge8 23. Red1 Nb5 24. R4d3 Qxd5 25. Rxd5 Rxd5 26.
Qf3 Rxd1+ 27. Qxd1 Bh4 28. c4 Re1 29. Qxe1 Bxe1 30.
cxb5 Kc7 31. Kc2 Kb6 32. a4 Ka5 33. b3 Kb4 34. h3 Bh4 35. Kd3 Kxb3 36. a5 b6 37.
axb6 axb6 0-1